 Dungeon Crawl Stone Soup version 0.24-a0-530-g18ba70b503 (webtiles) character file.

Game seed: 4559516011541797968

8103 Mithandil the Blocker (level 11, -2/92 HPs)
             Began as a Minotaur Fighter on Aug 8, 2019.
             Was a Priest of the Shining One.
             Slain by a death yak (10 damage)
             ... on level 10 of the Dungeon.
             The game lasted 00:57:57 (9363 turns).

Mithandil the Blocker (Minotaur Fighter)            Turns: 9363, Time: 00:57:58

Health: -2/92      AC: 21    Str: 22 (25) XL:     11   Next: 5%
Magic:  11/11      EV:  7    Int:  3 (5)  God:    the Shining One [***...]
Gold:   479        SH: 14    Dex:  9      Spells: 12/12 levels left

rFire    . . .     SeeInvis .   a - +2 war axe (chop)
rCold    . . .     Gourm    .   c - +0 shield
rNeg     + + .     Faith    .   K - +0 plate armour
rPois    .         Spirit   .   (helmet restricted)
rElec    .         Reflect  +   v - +2 cloak
rCorr    .         Harm     .   q - +2 pair of gloves
MR       .....                  (no boots)
Stlth    ..........             I - +3 amulet of reflection
HPRegen  0.25/turn              z - ring of positive energy
MPRegen  0.12/turn              B - +1 ring of protection

@: very slightly contaminated, hasted, glowing, very quick
A: retaliatory headbutt, horns 2
a: Divine Shield, Renounce Religion


You were on level 10 of the Dungeon.
You worshipped the Shining One.
The Shining One was most pleased with you.
You were hungry.

You visited 2 branches of the dungeon, and saw 12 of its levels.

You collected 479 gold pieces.

Inventory:

Hand Weapons
 a - a +2 war axe of chopping (weapon)
 b - a +1 spear of piercing
 p - a +0 hunting sling
 w - a +2 mace of protection
 M - a +1 scimitar of flaming
 O - a +2 flail of protection
 Q - a +3 short sword
 T - a +1 hand axe of chopping
Missiles
 g - 8 boomerangs (quivered)
 h - 287 stones
 l - 19 poisoned darts
 m - 60 bolts
 o - 22 sling bullets
 J - 2 throwing nets
 S - 8 boomerangs of dispersal
Armour
 c - a +0 shield (worn)
 q - a +2 pair of gloves (worn)
 v - a +2 cloak (worn)
 K - a +0 plate armour (worn)
Jewellery
 z - a ring of positive energy (left hand)
 B - a +1 ring of protection (right hand)
 I - a +3 amulet of reflection (around neck)
Wands
 D - a wand of paralysis (12)
 E - a wand of flame (13)
 G - a wand of polymorph (14)
 L - a wand of scattershot (4)
 R - a wand of iceblast (3)
Scrolls
 n - 5 scrolls of remove curse
 s - 3 scrolls of teleportation
 y - 3 scrolls of identify
 F - a scroll of magic mapping
Potions
 e - 5 potions of haste
 k - 7 potions of curing
 r - a potion of magic
 u - a potion of flight
 N - a potion of ambrosia
Miscellaneous
 P - a lightning rod (4/4)
Comestibles
 f - 18 rations


   Skills:
 + Level 7.5 Fighting
 * Level 9.5(11.0) Axes
 - Level 6.1(8.7) Maces & Flails
 * Level 6.2(8.8) Polearms
 + Level 5.2 Throwing
 + Level 7.3 Armour
 + Level 5.7 Dodging
 * Level 9.8 Shields
 - Level 1.0 Spellcasting


You had 12 spell levels left.
You didn't know any spells.
Your spell library contained the following spells:

 Spells                   Type           Power        Failure   Level  Hunger
 Animate Skeleton         Necr           N/A          100%        1    ##.....
 Apportation              Tloc           #.....       100%        1    ##.....
 Confusing Touch          Hex            #.....       100%        1    ##.....
 Magic Dart               Conj           #...         100%        1    ##.....
 Summon Small Mammal      Summ           #...         100%        1    ##.....
 Blink                    Tloc           N/A          100%        2    ###....
 Call Imp                 Summ           #.......     100%        2    ###....
 Slow                     Hex            #.......     100%        2    ###....
 Conjure Flame            Conj/Fire      #.......     100%        3    ####...
 Mephitic Cloud           Conj/Pois/Air  #.......     100%        3    ####...


Dungeon Overview and Level Annotations

Branches:
Dungeon (11/15)            Temple (1/1) D:4            Lair (0/6) D:10
    Orc: D:9-12

Altars:
Ashenzari
Cheibriados
Dithmenos
Elyvilon
Fedhas
Gozag
Hepliaklqana
Kikubaaqudgha
Makhleb
Nemelex Xobeh
Okawaru
Qazlal
Ru
Sif Muna
Trog
Uskayaw
Vehumet
Wu Jian
Xom
Yredelemnul
Zin
The Shining One

Annotations:
D:5 Prince Ribbit
D:9 2 runed translucent doors


Innate Abilities, Weirdness & Mutations

You reflexively headbutt those who attack you in melee.
You have a pair of horns on your head.


Message History

The death yak barely misses you. You furiously retaliate!
You headbutt the death yak, but do no damage.
You hit the death yak. You headbutt the death yak!
The death yak is almost dead.
Your plate armour prevents you from hitting the death yak.
You block the death yak's attack. x2
You slice the death yak!!
You kill the death yak!
You have reached level 11!
You hit the death yak but do no damage.
Your shield and plate armour prevent you from hitting the death yak.
You headbutt the death yak, but do no damage.
The death yak is heavily wounded.
The death yak gores you but does no damage.
You slash the death yak!
The death yak is severely wounded.
You slice the death yak!! You headbutt the death yak.
The death yak is almost dead.
The death yak gores you!
You die...

,,,*,,,,,,,,,,,#.......#.....#..!
,,,*,,,,,,,,,,,+.......#.....#...
,,,*,,,,,,,,,,,#.......'.....#...
,,,*,,,,,,,,,,,#.......#.....#...
****+*****+*####.......#...###...
,,,,,,,,,,,,#..##'##########.....
,,,,,,,,,,,,#......#,,,,,,,#.....
,,,,,,,,,,,,#..%...#,,,,,,,#.....
,,,,,,,,,,,,#..†@###*,,,,,,#.....
,,,,,,,,,,,,#..Y.†......,,,*,,,,,
,,,,,,,,,,,,#...........,,,+,,,,,
,,,,,,,,,,,,#####.......,*+*,,,,,
,,,******,,,,,,,*..#....,,,,,,,#+
,,,*,,,,*,,,,,,,,.......,,,<,,,#.
,,,+,,,,*,,,,,,,,...>...,,,,,,,#.
,,,*,,,,*,,,,,,,,.....#.,,,,,,,+.
,,,*,,,,*,,,,,,,,,,,**,,,,,,,,,#.


You could see a death yak.

Vanquished Creatures
  Erica (D:8)
  A two-headed ogre (D:10)
  2 death yaks (D:10)
  A manticore (D:9)
  A troll (D:9)
  Grinder (D:3)
  Sigmund (D:5)
  4 hogs (D:7)
  A human (D:7)
  A porcupine (D:10)
  Duvessa (D:7)
  4 orc warriors
  3 sky beasts
  3 ice beasts
  A hornet zombie (D:10)
  4 ogres
  2 centaurs (D:7)
  A big kobold (D:9)
  A gnoll sergeant (D:6)
  6 bullfrogs
  A wyvern zombie (D:6)
  Dowan (D:7)
  A water moccasin zombie (D:6)
  3 scorpions
  A wight (D:9)
  3 crimson imps
  4 hounds
  3 jellies
  Crazy Yiuf (D:2)
  5 orc priests
  A gnoll shaman (D:7)
  3 orc wizards
  A centaur skeleton (D:9)
  Jessica (D:3)
  Natasha (thrice) (D:3)
  3 iguanas
  A hell rat (D:10)
  6 worker ants
  A hound skeleton (D:8)
  A worker ant zombie (D:6)
  Robin (D:2)
  14 gnolls
  16 adders
  2 howler monkey skeletons
  2 river rats (D:10)
  2 adder skeletons
  2 worms
  2 dart slugs
  3 leopard geckos
  30 orcs
  A ball python (D:1)
  6 giant cockroaches
  22 goblins
  6 hobgoblins
  2 jackals (D:2)
  8 quokkas
  5 bats
  9 frilled lizards
  7 kobolds
  A leopard gecko skeleton (D:5)
  2 quokka zombies
  3 rats
230 creatures vanquished.

Notes
Turn   | Place    | Note
-------+----------+-------------------------------------------
     0 | D:1      | Mithandil the Minotaur Fighter began the quest for the Orb.
     0 | D:1      | Reached XP level 1. HP: 19/19 MP: 0/0
   105 | D:1      | Reached XP level 2. HP: 5/27 MP: 1/1
   960 | D:1      | Reached XP level 3. HP: 33/33 MP: 2/2
  1032 | D:2      | Found a sacrificial altar of Ru.
  1349 | D:2      | Found a runed translucent door.
  1350 | D:2      | Noticed Crazy Yiuf
  1357 | D:2      | Killed Crazy Yiuf
  1357 | D:2      | Reached skill level 1 in Polearms
  1357 | D:2      | Reached skill level 1 in Throwing
  1357 | D:2      | Reached skill level 1 in Dodging
  1357 | D:2      | Reached XP level 4. HP: 35/40 MP: 3/3
  1430 | D:2      | Noticed Robin
  1440 | D:2      | Killed Robin
  1573 | D:2      | Reached XP level 5. HP: 46/46 MP: 4/4
  1860 | D:3      | Noticed Natasha
  1871 | D:3      | Killed Natasha
  1871 | D:3      | Reached skill level 1 in Maces & Flails
  2164 | D:4      | Reached XP level 6. HP: 47/53 MP: 5/5
  2252 | D:3      | Noticed Jessica
  2254 | D:3      | Killed Jessica
  2311 | D:3      | Noticed Natasha
  2326 | D:3      | Killed Natasha
  2455 | D:3      | Noticed Grinder
  2461 | D:3      | Killed Grinder
  2461 | D:3      | Reached skill level 5 in Shields
  2461 | D:3      | Reached XP level 7. HP: 56/60 MP: 6/6
  2462 | D:3      | Found an opulent altar of Gozag.
  2463 | D:3      | Found a glowing silver altar of Zin.
  2465 | D:3      | Found a bloodstained altar of Trog.
  2468 | D:3      | Found an ancient bone altar of Kikubaaqudgha.
  2476 | D:3      | Found an ornate altar of the Wu Jian Council.
  2544 | D:3      | Noticed Natasha
  2552 | D:3      | Killed Natasha
  2891 | D:3      | Found a glowing golden altar of the Shining One.
  2898 | D:3      | Became a worshipper of the Shining One
  2977 | D:4      | Found a staircase to the Ecumenical Temple.
  3008 | Temple   | Entered the Ecumenical Temple
  3371 | D:5      | Entered Level 5 of the Dungeon
  3388 | D:5      | Reached skill level 5 in Axes
  3434 | D:4      | Reached skill level 5 in Fighting
  3602 | D:4      | Found a stormy altar of Qazlal.
  3665 | D:4      | Found a blossoming altar of Fedhas.
  3842 | D:4      | Reached skill level 5 in Armour
  4040 | D:4      | Found a basalt altar of Yredelemnul.
  4176 | D:6      | Reached XP level 8. HP: 62/68 MP: 7/7
  4290 | D:5      | Noticed Sigmund
  4300 | D:5      | Killed Sigmund
  4389 | D:5      | Noticed Prince Ribbit
  4526 | D:5      | Reached * piety under the Shining One
  5070 | D:6      | Reached skill level 5 in Maces & Flails
  5077 | D:6      | Reached skill level 1 in Spellcasting
  5107 | D:6      | Found a deep blue altar of Sif Muna.
  5176 | D:6      | Reached XP level 9. HP: 15/75 MP: 9/9
  5610 | D:6      | Found a shattered altar of Ashenzari.
  6080 | D:7      | Noticed Dowan
  6082 | D:7      | Noticed Duvessa
  6093 | D:7      | Killed Duvessa
  6110 | D:7      | Killed Dowan
  6240 | D:8      | Reached ** piety under the Shining One
  7144 | D:8      | Reached XP level 10. HP: 84/84 MP: 10/10
  7425 | D:8      | Noticed Erica
  7443 | D:8      | Killed Erica
  8084 | D:9      | Noticed a manticore
  8100 | D:9      | Killed a manticore
  8100 | D:9      | Reached skill level 5 in Dodging
  8117 | D:9      | Found a large runed translucent door.
  8118 | D:9      | Found a large runed translucent door.
  8118 | D:9      | Noticed a two-headed ogre
  8125 | D:9      | Noticed a deep elf knight
  8159 | D:9      | Noticed a cyclops
  8159 | D:9      | a komodo dragon changed into a cyclops
  8223 | D:10     | Entered Level 10 of the Dungeon
  8234 | D:9      | Reached skill level 5 in Polearms
  8811 | D:9      | Found a burning altar of Makhleb.
  8811 | D:9      | Noticed a balrug
  8814 | D:9      | Noticed an orange demon
  8957 | D:10     | Reached *** piety under the Shining One
  8975 | D:10     | Noticed a two-headed ogre
  8985 | D:10     | Killed a two-headed ogre
  8985 | D:10     | Reached skill level 5 in Throwing
  9333 | D:10     | Found a staircase to the Lair.
  9340 | D:10     | Noticed a death yak
  9341 | D:10     | Noticed a death yak
  9342 | D:10     | Noticed a death yak
  9357 | D:10     | Killed a death yak
  9360 | D:10     | Killed a death yak
  9360 | D:10     | Reached XP level 11. HP: 8/92 MP: 11/11
  9363 | D:10     | Slain by a death yak

Levels and vault maps discovered:
D:1:      lemuel_arrival_lava_pool, layout_basic
D:2:      layout_basic, nicolae_ru_sacrificial_ziggurat,
          uniq_crazy_yiuf_cottage, uniq_robin
D:3:      layout_loops_ring, tso_altar, minitemple, first_ration,
          hangedman_decor_points, uniq_jessica, uniq_natasha, uniq_grinder
D:4:      layout_loops_cross, grunt_temple_overflow_forces_of_nature,
          lemuel_coloured_pillars_altar, temple_fountains
D:5:      layout_basic, uniq_sigmund, uniq_prince_ribbit1
D:6:      layout_cave_pools, lemuel_crystal_altar, kennysheep_mini
D:7:      layout_cave_pools, grunt_livestock, uniq_duvessa
D:8:      layout_gridville, uniq_erica
D:9:      layout_basic, makhleb_altar_promises_db, jmf_multi_god_temple2
D:10:     layout_gridville, dpeg_lair_monsters, uniq_maurice
D:11:     layout_loops_ring, orc_0_dummy, nicolae_trove_entry_crystal
Temple:   compressed_dpeg_triangle_lava_temple

Skill      XL: |  1  2  3  4  5  6  7  8  9 10 |
---------------+-------------------------------+-----
Shields        | 4 5 6 7 8 9 |  9.8
Axes           | 3 4 5 6 8 9 |  9.5
Fighting       | 4 5 6 7 |  7.5
Polearms       | 1 3 6 |  6.2
Throwing       | 1 2 3 4 5 |  5.2
Dodging        | 1 2 3 4 5 |  5.7
Armour         | 4 5 6 7 |  7.3
Maces & Flails | 1 2 4 5 6 |  6.1
Spellcasting   | 1 |  1.0

Action                   |  1- 3 |  4- 6 |  7- 9 | 10-12 || total
-------------------------+-------+-------+-------+-------++-------
Melee: War axe           |    80 |    39 |       |    59 ||   178
       Headbutt          |     7 |    14 |    58 |    39 ||   118
       Mace              |       |    63 |    45 |       ||   108
       Hand axe          |       |       |   213 |    77 ||   290
       Spear             |       |       |    38 |     1 ||    39
       Flail             |       |       |    23 |       ||    23
  Use: Scroll            |       |     3 |     8 |     7 ||    18
       Potion            |       |     1 |     1 |    11 ||    13
  Eat: Chunk             |     1 |     4 |    14 |     4 ||    23
       Ration            |       |       |       |     1 ||     1
Armor: Scale mail        |    36 |    66 |    82 |       ||   184
       Plate armour      |       |       |    63 |    47 ||   110
Dodge: Dodged            |    21 |    36 |   102 |    34 ||   193
Block: Shield            |    34 |    63 |   186 |    83 ||   366
       Reflection        |       |       |       |     7 ||     7

Table legend:
 A = Non-vault XP
 B = Vault XP
 C = Vault XP percentage of total XP
 D = Non-vault monster count
 E = Vault monster count
 F = Vault count percentage of total count
                 A         B        C        D         E       F
            +---------+---------+-------+---------+---------+-------
      Total |    6175 |    5401 |  46.7 |     192 |      38 |  16.5
            +---------+---------+-------+---------+---------+-------
        D:1 |      42 |       0 |   0.0 |      24 |       0 |   0.0
        D:2 |      89 |      75 |  45.7 |      18 |      12 |  40.0
        D:3 |     237 |     340 |  58.9 |      28 |       3 |   9.7
        D:4 |     427 |       0 |   0.0 |      23 |       0 |   0.0
        D:5 |     304 |     227 |  42.7 |       9 |       1 |  10.0
        D:6 |    1053 |       0 |   0.0 |      23 |       0 |   0.0
        D:7 |    1033 |    1195 |  53.6 |      29 |       7 |  19.4
        D:8 |     573 |     944 |  62.2 |      10 |       1 |   9.1
        D:9 |    1263 |     662 |  34.4 |      17 |       4 |  19.0
       D:10 |    1154 |    1958 |  62.9 |      11 |      10 |  47.6
            +---------+---------+-------+---------+---------+-------
